 Dungeon Crawl Stone Soup version 0.17-a0-1760-ga6756ae (webtiles) character file.

291 kosy22 the Ruffian (level 6, -10/55 HPs)
             Began as a Troll Transmuter on Sept 3, 2015.
             Was an Initiate of Fedhas.
             Mangled by an iron imp (12 damage)
             ... summoned by Natasha
             ... on level 3 of the Dungeon.
             The game lasted 00:11:30 (1699 turns).

kosy22 the Ruffian (Troll Transmuter)               Turns: 1699, Time: 00:11:35

Health: -10/55     AC: 10    Str: 20      XL:     6   Next: 10%
Magic:  0/7        EV: 10    Int: 15      God:    Fedhas [......]
Gold:   106        SH:  0    Dex:  7 (10) Spells: 2 memorised, 4 levels left

rFire  . . .     SeeInvis .     y - +0 scythe (protect)
rCold  . . .     Clarity  .     b - +0 robe
rNeg   . . .     SustAt   .     (no shield)
rPois  .         Gourm    +     (helmet restricted)
rElec  .         Spirit   +     (no cloak)
rCorr  .         Warding  .     (gloves unavailable)
rMut   .         Rnd*Tele +     (boots unavailable)
MR     +....                    i - amulet of guardian spirit
Stlth  +.........               h - ring of protection from magic
                                p - ring of teleportation (curse)

@: brilliant, slowed, very slow, somewhat resistant to hostile enchantments,
very unstealthy
A: unfitting armour, claws 3, fast metabolism 3, gourmand, regeneration 2,
shaggy fur 1, tough skin 2
a: Renounce Religion, Evoke Teleportation


You were on level 3 of the Dungeon.
You worshipped Fedhas.
Fedhas was noncommittal.
You were hungry.

You visited 1 branch of the dungeon, and saw 3 of its levels.

You collected 106 gold pieces.

Inventory:

Hand weapons
 f - a +1 short sword of venom
 q - a -1 dagger
 y - a +0 scythe of protection (weapon)
Missiles
 a - 12 arrows
 u - 9 arrows of frost
Armour
 b - a +0 robe (worn)
Jewellery
 g - an uncursed ring of flight
 h - a ring of protection from magic (right claw)
 i - an amulet of guardian spirit (around neck)
 l - an uncursed ring of positive energy
 p - a cursed ring of teleportation (left claw)
Magical devices
 n - a wand of flame (48)
Scrolls
 r - a scroll of recharging
Potions
 j - a potion of might {unknown}
 m - 2 potions of curing {unknown}
 o - a potion of degeneration
 x - a potion of flight {unknown}
Books
 c - a book of Changes

   Spells                             Type                      Level
   a - Beastly Appendage              Transmutation                1
   b - Sticks to Snakes               Transmutation                2
   c - Spider Form                    Transmutation/Poison         3
   d - Ice Form                       Ice/Transmutation            4
   e - Blade Hands                    Transmutation                5
 w - a book of the Earth

   Spells                             Type                      Level
   a - Leda's Liquefaction            Hexes/Earth                  4
   b - Bolt of Magma                  Conjuration/Fire/Earth       5
   c - Statue Form                    Transmutation/Earth          6
   d - Iron Shot                      Conjuration/Earth            6
   e - Shatter                        Earth                        9
Comestibles
 d - 4 bread rations
 k - a royal jelly
 s - a beef jerky
 v - 2 meat rations


   Skills:
 + Level 1.5 Fighting
 + Level 1.4 Short Blades
 + Level 3.2 Dodging
 + Level 0.3 Stealth
 + Level 4.2 Unarmed Combat
 + Level 1.6 Spellcasting
 + Level 2.0 Transmutations


You had 4 spell levels left.
You knew the following spells:

 Your Spells              Type           Power        Failure   Level  Hunger
a - Beastly Appendage     Trmt           ###...       1%          1    ##.....
b - Spider Form           Trmt/Pois      ##........   8%          3    ####...


Dungeon Overview and Level Annotations

Branches:
Dungeon (3/15)

Altars:
Elyvilon
Fedhas

Annotations:
D:3 Natasha


Innate Abilities, Weirdness & Mutations

You are too large for most types of armour.
You have claws for hands.
Your metabolism is lightning-fast.
You like to eat raw meat.
You heal very quickly.
You are covered in fur (AC +1).
You have very tough skin (AC +2).


Message History

The iron imp closely misses you.
h - a ring of protection from magic (right claw)
Something claws you but does no damage. The iron imp barely misses you.
It was a potion of brilliance.
You feel clever all of a sudden. Something claws you but does no damage.
The shadow imp shouts, "Embrace thy dedition, thou hateful moldwarp maggot-pie!"
The iron imp closely misses you. Something claws you but does no damage.
Read which item? (? for menu, Esc to quit)
Okay, then.
Drink which item? (? for menu, Esc to quit)
It was a potion of degeneration.
There was something very wrong with that liquid.
You feel clumsy.
Your horns disappear.
Something claws you.
* * * LOW HITPOINT WARNING * * *
The iron imp hits you!
You die...
Fedhas appreciates your contribution to the ecosystem.

##.#.#.#.##.# #.# #.....#
##...#.. .#.###.### #.....#
##.########....†..#########.....#
..........(..(...................
#..######.......#.###############
#......÷.<......#...........#
#.#####################...^.#####
#...........)..{..### #.....'....
............).55@...# #.(...#####
#################.#.# #.....# #
#.####.#.# #.....# # #...[..#.#
###.#.# # #.######.# #.#.# # #.#
#.# #.#.# # #.######.# #.#.# #
#.....(..# #.#.# # ##########
#.#.# #


You could see an iron imp and a shadow imp.

Vanquished Creatures
  Sigmund (D:3)
  Ijyb (D:2)
  Natasha (D:3)
  A gnoll (D:1)
  4 adders
  A giant gecko (D:1)
  2 giant cockroaches
  5 goblins
  5 hobgoblins
  6 bats
  2 giant newts (D:1)
  6 kobolds
  A quokka (D:3)
  11 rats
47 creatures vanquished.

Notes
Turn   | Place    | Note
--------------------------------------------------------------
     0 | D:1      | kosy22 the Troll Transmuter began the quest for the Orb.
     0 | D:1      | Reached XP level 1. HP: 18/18 MP: 1/1
   167 | D:1      | Reached XP level 2. HP: 26/26 MP: 0/2
   510 | D:1      | Reached XP level 3. HP: 32/32 MP: 4/4
   516 | D:1      | Learned a level 3 spell: Spider Form
   595 | D:2      | Reached skill level 4 in Unarmed Combat
   655 | D:2      | Noticed Ijyb
   673 | D:2      | Killed Ijyb
   673 | D:2      | Reached XP level 4. HP: 16/40 MP: 1/5
   856 | D:2      | Found a blossoming altar of Fedhas.
   880 | D:2      | Became a worshipper of Fedhas Madash
  1208 | D:3      | Noticed Natasha
  1215 | D:3      | Killed Natasha
  1215 | D:3      | Reached skill level 1 in Fighting
  1512 | D:3      | Found a white marble altar of Elyvilon.
  1616 | D:3      | Noticed Sigmund
  1630 | D:3      | Killed Sigmund
  1630 | D:3      | Reached skill level 1 in Short Blades
  1630 | D:3      | Reached XP level 5. HP: 25/48 MP: 3/6
  1630 | D:3      | Reached XP level 6. HP: 28/55 MP: 3/7
  1667 | D:3      | Noticed Natasha
  1695 | D:3      | HP: 1/55 [something (3)]
  1699 | D:3      | Mangled by an iron imp

Vault maps used:
D:1:      dpeg_arrival_yet_another_circle
D:2:      lemuel_round_altar, uniq_iyjb
D:3:      overflow_temple_1_default, first_bread, uniq_natasha, uniq_sigmund

Action                   |  1- 3 |  4- 6 || total
-------------------------+-------+-------++-------
Melee: Short sword       |    64 |    49 ||   113
       Unarmed           |     5 |       ||     5
       Scythe            |       |    23 ||    23
 Cast: Beastly Appendage |     3 |     3 ||     6
       Spider Form       |     1 |       ||     1
  Use: Scroll            |     1 |     6 ||     7
       Potion            |       |     2 ||     2
  Eat: Bread ration      |     1 |     2 ||     3
